 Dungeon Crawl Stone Soup version 0.29.1-15-g9cfb28693d (webtiles) character file.

Game seed: 11359707892227379862

23 QwertyIsDirtey the Covered (level 2, 0/27 HPs)
             Began as a Minotaur Fighter on Mar 23, 2023.
             Was a Follower of Kikubaaqudgha.
             Succumbed to a kobold's poison
             ... on level 1 of the Dungeon.
             The game lasted 00:03:07 (809 turns).

QwertyIsDirtey the Covered (Minotaur Fighter)        Turns: 809, Time: 00:03:08

Health: 0/27       AC:  7    Str: 20    XL:     2   Next: 72%
Magic:  1/1        EV:  9    Int:  5    God:    Kikubaaqudgha [*.....]
Gold:   95         SH:  4    Dex:  9    Spells: 1/1 levels left

rFire   . . .      SeeInvis .   a - +0 long sword
rCold   . . .      Faith    .   c - +0 buckler
rNeg    . . .      Spirit   .   b - +0 scale mail
rPois   .          Reflect  .   (helmet restricted)
rElec   .          Harm     .   (no cloak)
rCorr   .          Rampage  .   (no gloves)
Will    .....                   (no boots)
Stlth   ..........              (no amulet)
HPRegen 0.09/turn               (no ring)
MPRegen 0.07/turn               (no ring)

@: lethally poisoned (0 -> -1)
A: horns 2, retaliatory headbutt
a: Renounce Religion, Unearth Wretches


You were on level 1 of the Dungeon.
You worshipped Kikubaaqudgha.
Kikubaaqudgha was aware of your devotion.
You visited 1 branch of the dungeon, and saw 2 of its levels.

You collected 95 gold pieces.

Inventory:

Hand Weapons
 a - a +0 long sword (weapon)
 e - a +0 short sword
 i - a +0 dagger
 j - a +0 dagger
 k - a +0 short sword
 l - a +0 short sword
Missiles
 m - 18 stones (quivered)
Armour
 b - a +0 scale mail (worn)
 c - a +0 buckler (worn)
 h - a +0 robe
 p - a +0 scale mail
Scrolls
 g - a scroll of identify {unknown}
Potions
 d - a potion of might
 f - 3 potions of heal wounds {unknown}
 n - a potion of invisibility {unknown}
 o - a potion of haste {unknown}


   Skills:
 + Level 3.8 Fighting
 + Level 2.5 Long Blades
 + Level 4.3 Armour
 + Level 4.0 Shields


You had one spell level left.
You didn't know any spells.
Your spell library contained the following spells:

 Spells                   Type           Power      Damage    Failure   Level
 Necrotise                Necr           0%         1d4       88%         1
 Ensorcelled Hibernation  Hex/Ice        0%         N/A       96%         2
 Passwall                 Tmut/Erth      0%         N/A       96%         2
 Sublimation of Blood     Necr           0%         N/A       96%         2
 Swiftness                Air            0%         N/A       99%         3
 Vampiric Draining        Necr           0%         2d6       99%         3
 Anguish                  Hex/Necr       0%         N/A       100%        4
 Petrify                  Tmut/Erth      0%         N/A       100%        4
 Irradiate                Conj/Tmut      0%         3d11      100%        5


Dungeon Overview and Level Annotations

Branches:
Dungeon (2/15)

Altars:
Kikubaaqudgha


Innate Abilities, Weirdness & Mutations

You have a pair of horns on your head.
You reflexively headbutt those who attack you in melee.


Message History

You see here a frilled lizard corpse.
You barely miss the hobgoblin. The hobgoblin barely misses you.
You closely miss the hobgoblin.
The hobgoblin hits you but does no damage.
The hobgoblin barely misses you.
You barely miss the hobgoblin. You headbutt the hobgoblin.
You kill the hobgoblin!
Kikubaaqudgha accepts your kill.
You see here a hobgoblin corpse.
A kobold comes into view.
It is wielding a +2 short sword of venom.
Found a scroll labelled LUIQEENT GUTS.
The kobold hits you with a +2 short sword of venom.
You are poisoned.
Found 3 gold pieces.
You feel very sick. The kobold hits you but does no damage.
You are lethally poisoned!
You feel very sick. The kobold barely misses you. You furiously retaliate!
You headbutt the kobold.
You kill the kobold!
Kikubaaqudgha accepts your kill.
You feel very sick.
You feel very sick.
* * * LOW HITPOINT WARNING * * *
You feel sick.
* * * LOW HITPOINT WARNING * * *
You feel sick.
* * * LOW HITPOINT WARNING * * *
You feel sick.
* * * LOW HITPOINT WARNING * * *
You feel sick.
You see here 3 gold pieces.
* * * LOW HITPOINT WARNING * * *
You feel sick.
* * * LOW HITPOINT WARNING * * *
You feel sick.
* * * LOW HITPOINT WARNING * * *
You feel sick.
You die...
Kikubaaqudgha rasps: "You have failed me!
Welcome... death!"

#################
#...........††..#
#.#############.# #.#
#.# #.#.### #.# ###
#.#.#.. # #.# #..
#.#.#.# #. #.# #..
#.#.#.# #.##@# #..
#.#.#.######..#.#######
#..
#.#.#..(...............
+..
#.#.#...#######.#.#####
##..
#.#............$#.#
#... #...###.)....####
# #... ##..####......#
#... .......#......#
#... ..>....#......#
#...


There were no monsters in sight!

Vanquished Creatures
  3 ball pythons
  2 endoplasms (D:1)
  5 goblins (D:1)
  3 hobgoblins
  2 kobolds (D:1)
  3 frilled lizards (D:1)
  2 rats
20 creatures vanquished.

Notes
Turn   | Place    | Note
-------+----------+-------------------------------------------
     0 | D:1      | QwertyIsDirtey the Minotaur Fighter began the quest for the
                  | Orb.
     0 | D:1      | Reached XP level 1. HP: 19/19 MP: 0/0
   213 | D:1      | Reached XP level 2. HP: 17/27 MP: 1/1
   216 | D:1      | Found a faded altar of an unknown god.
   235 | D:1      | Prayed at the altar of an unknown god.
   235 | D:1      | Became a worshipper of Kikubaaqudgha
   235 | D:1      | Reached * piety under Kikubaaqudgha
   235 | D:1      | Received a gift from Kikubaaqudgha
   808 | D:1      | HP: 1/27 [poisoned by a kobold]
   809 | D:1      | Succumbed to a kobold's poison

Illustrated notes

Levels and vault maps discovered:
D:1:      dpeg_arrival_tiny_f, layout_basic, hellmonk_ecumenical_altar_run_dry,
          minmay_tetromino_o4
D:2:      layout_loops_corners, minmay_misc_feat_secret_circle

Skill      XL: |  1  2 |
---------------+-------+-----
Armour         | 4 |  4.3
Shields        | 4 |  4.0
Fighting       | |  3.8
Long Blades    | |  2.5

Action                   || total
-------------------------++-------
Melee: Long sword        ||    22
       Headbutt          ||     5
Armor: Scale mail        ||    21
Dodge: Dodged            ||    32
Block: Buckler           ||     8
